 Dungeon Crawl Stone Soup version 0.26-a0-257-g47e9e61525 (webtiles) character file.

Game seed: 1253839343239248287

15 BritishOli the Ducker (level 2, -4/22 HPs)
             Began as a Demonspawn Gladiator on July 9, 2020.
             Killed from afar by Natasha (6 damage)
             ... with a magic dart
             ... on level 2 of the Dungeon on July 10, 2020.
             The game lasted 00:01:03 (761 turns).

BritishOli the Ducker (Demonspawn Gladiator)         Turns: 761, Time: 00:01:04

Health: -4/22      AC:  5    Str: 14    XL:     2   Next: 34%
Magic:  2/2        EV: 12    Int:  9    God:
Gold:   98         SH:  0    Dex: 14    Spells: 1/1 levels left

rFire    . . .     SeeInvis .   a - +0 long sword
rCold    . . .     Faith    .   (no shield)
rNeg     . . .     Spirit   .   b - +0 leather armour
rPois    .         Reflect  .   c - +0 helmet
rElec    .         Harm     .   i - +0 cloak
rCorr    .                      (no gloves)
MR       .....                  (no boots)
Stlth    +.........             (no amulet)
HPRegen  0.07/turn              (no ring)
MPRegen  0.08/turn              (no ring)

@: no status effects
A: powered by pain 1
a: no special abilities


You were on level 2 of the Dungeon.
You were not hungry.

You visited 1 branch of the dungeon, and saw 2 of its levels.

You collected 98 gold pieces.

Inventory:

Hand Weapons
 a - a +0 long sword (weapon)
Missiles
 d - 4 throwing nets (quivered)
Armour
 b - a +0 leather armour (worn)
 c - a +0 helmet (worn)
 i - a +0 cloak (worn)
Scrolls
 g - 2 scrolls of identify {unknown}
 h - a scroll of fog {unknown}
Potions
 e - a potion of curing {unknown}
Comestibles
 f - 12 rations


   Skills:
 + Level 2.2 Fighting
 + Level 2.8 Long Blades
 - Level 2.0 Throwing
 + Level 0.5 Armour
 + Level 2.8 Dodging


You had one spell level left.
You didn't know any spells.
Your spell library was empty.

Dungeon Overview and Level Annotations

Branches:
Dungeon (2/15)

Altars:
Dithmenos

Annotations:
D:2 Natasha


Innate Abilities, Weirdness & Mutations

You sometimes gain a little power by taking damage.


Message History

The magic dart hits you.
* * * LOW HITPOINT WARNING * * *
Natasha is nearby!
You are too injured to fight recklessly!
Natasha is nearby!
You are too injured to fight recklessly!
You closely miss Natasha. Natasha claws you.
* * * LOW HITPOINT WARNING * * *
You closely miss Natasha. Natasha barely misses you.
You hit Natasha but do no damage.
Natasha barely misses you. x2; You riposte.
You hit Natasha but do no damage. You slash Natasha!
Natasha is heavily wounded.
Natasha stares at you and mumbles some strange words.
You resist with significant effort.
You closely miss Natasha.
Natasha is heavily wounded.
Natasha casts a spell at you. The magic dart hits you.
You die...

#..........###...#
#..............
#...........###
######.........
#....#... #....###
####.# #.# #@#
.......h#
#####...# #.#.#
#.#.# #.#.# . #.#
# #.#


You could see Natasha.

Vanquished Creatures
  6 bats
  2 goblins
  3 hobgoblins (D:1)
  2 frilled lizards (D:1)
  A rat (D:1)
14 creatures vanquished.

Notes
Turn   | Place    | Note
-------+----------+-------------------------------------------
     0 | D:1      | BritishOli the Demonspawn Gladiator began the quest for the
                  | Orb.
     0 | D:1      | Reached XP level 1. HP: 16/16 MP: 1/1
     0 | D:1      | Upgraded the game from 0.26-a0-252-gb32a1a6195 to
                  | 0.26-a0-257-g47e9e61525
   158 | D:1      | Gained mutation: You sometimes gain a little power by
                  | taking damage. [demonic ancestry]
   158 | D:1      | Reached XP level 2. HP: 19/22 MP: 2/2
   691 | D:2      | Found a shadowy altar of Dithmenos.
   751 | D:2      | Noticed Natasha
   757 | D:2      | HP: 1/22 [Natasha (5)]
   761 | D:2      | Killed from afar by Natasha

Illustrated notes

Levels and vault maps discovered:
D:1:      zelgadis_glass_arrival_small, layout_loops_cross
D:2:      layout_basic, minitemple, eat_drink_and_be_merry_uskayaw,
          minmay_split_cup_large, uniq_natasha

Skill      XL: |  1  2 |
---------------+-------+-----
Throwing       | 2 |  2.0
Fighting       | |  2.2
Long Blades    | |  2.8
Armour         | |  0.5
Dodging        | |  2.8

Action                   || total
-------------------------++-------
Melee: Long sword        ||    38
Armor: Leather armour    ||     7
Dodge: Dodged            ||    38
       Rpst.: Long sword ||    13

Table legend:
 A = Non-vault XP
 B = Vault XP
 C = Vault XP percentage of total XP
 D = Non-vault monster count
 E = Vault monster count
 F = Vault count percentage of total count
                 A         B        C        D         E       F
            +---------+---------+-------+---------+---------+-------
      Total |      22 |       0 |   0.0 |      14 |       0 |   0.0
            +---------+---------+-------+---------+---------+-------
        D:1 |      19 |       0 |   0.0 |      12 |       0 |   0.0
        D:2 |       3 |       0 |   0.0 |       2 |       0 |   0.0
            +---------+---------+-------+---------+---------+-------
